 Dungeon Crawl Stone Soup version 0.28.0-49-g6dfe1f597d (webtiles) character file.

Game seed: 4549701754931572973

17 hawla the Ducker (level 2, 0/11 HPs)
             Began as a Felid Fire Elementalist on May 12, 2022.
             Succumbed to an adder's poison
             ... on level 1 of the Dungeon.
             The game lasted 00:02:02 (795 turns).

hawla the Ducker (Felid Fire Elementalist)           Turns: 795, Time: 00:02:02

Health: 0/11       AC:  1    Str:  1 (4)  XL:     2   Next: 44%
Magic:  5/6        EV: 17    Int: 14 (16) God:
Gold:   39         SH:  0    Dex: 13 (16) Spells: 4/5 levels left
                                        Lives:  0   Deaths: 0

rFire   . . .      SeeInvis +   (weapon unavailable)
rCold   . . .      Faith    .   (shield unavailable)
rNeg    . . .      Spirit   .   (armour unavailable)
rPois   .          Reflect  .   (helmet unavailable)
rElec   .          Harm     .   (cloak unavailable)
rCorr   .          Rampage  .   (gloves unavailable)
Will    .....                   (boots unavailable)
Stlth   ++........              (no amulet)
HPRegen 0.03/turn               (no ring)
MPRegen 0.10/turn               (no ring)

@: mighty, lethally poisoned (0 -> -4), attractive, quick
A: very small, claws 1, fangs 3, see invisible, speed 1, shaggy fur 1, stealthy
paws, no weapons or thrown items, no armour, multi-lived
a: no special abilities


You were on level 1 of the Dungeon.
You visited 1 branch of the dungeon, and saw 2 of its levels.

You collected 39 gold pieces.

Inventory:

Jewellery
 f - an amulet of magic regeneration
Scrolls
 a - a scroll of summoning {unknown}
 b - a scroll of identify {unknown}
 c - a scroll of blinking {unknown}
 e - a scroll of fear {unknown}


   Skills:
 + Level 3.1 Dodging
 + Level 2.9 Stealth
 + Level 2.2 Spellcasting
 + Level 0.8 Conjurations
 + Level 3.0 Fire Magic


You had 4 spell levels left.
You knew the following spells:

 Your Spells              Type           Power      Damage    Failure   Level
a - Foxfire               Conj/Fire      28%        2x1d5     11%         1

Your spell library contained the following spells:

 Spells                   Type           Power      Damage    Failure   Level
 Scorch                   Fire           20%        2d6       10%         2
 Animate Skeleton         Necr           2%         N/A       24%         1
 Pain                     Necr           4%         1d4       24%         1
 Conjure Flame            Conj/Fire      7%         6-21      30%         3
 Inner Flame              Hex/Fire       5%         N/A       36%         3
 Gell's Gravitas          Tloc           1%         N/A       56%         3
 Teleport Other           Tloc           1%         N/A       56%         3
 Vampiric Draining        Necr           1%         2d6       56%         3
 Flame Wave               Conj/Fire      7%         2d5       71%         4
 Dispersal                Tloc           0%         N/A       100%        6


Dungeon Overview and Level Annotations

Branches:
Dungeon (2/15)

Altars:

Annotations:
D:2 Jessica, Terence


Innate Abilities, Weirdness & Mutations

You have sharp claws.
You have razor-sharp teeth.
You have supernaturally acute eyesight. (SInv)
You cover ground quickly. (Speed+)
You are covered in fur. (AC +1)
Your paws help you pounce on unaware monsters.
You are incapable of wielding weapons or throwing items.
You cannot wear armour.
You gain extra lives every three experience levels.


Message History

The slug dart misses you.
The slug dart hits the adder.
You scratch the dart slug.
The dart slug is severely wounded.
The adder barely misses you. The dart slug closely misses you.
The adder bites you.
You barely miss the dart slug.
The dart slug is severely wounded.
The adder misses you.
You barely miss the dart slug.
The dart slug is severely wounded.
The adder misses you. The dart slug closely misses you.
You barely miss the dart slug.
The dart slug is severely wounded.
The adder barely misses you. The dart slug barely misses you.
The adder barely misses you.
You scratch the dart slug but do no damage.
The dart slug is severely wounded.
The adder bites you.
You are lethally poisoned!
The adder poisons you!
It was a potion of might.
You feel very mighty all of a sudden.
* * * LOW HITPOINT WARNING * * *
You feel sick. The dart slug launches a dart at you. The slug dart misses you.
The slug dart hits the adder.
The adder dies!
You scratch the dart slug.
You kill the dart slug!
* * * LOW HITPOINT WARNING * * *
You feel sick.
Your Dodging skill increases to level 3!
It was a potion of attraction.
You feel attractive to monsters.
* * * LOW HITPOINT WARNING * * *
You feel sick.
It was a potion of degeneration.
There was something very wrong with that liquid.
You feel weakened.
You feel dopey.
You feel clumsy.
You die...

##.....##.##### #........####
####.####.....# #............
####.####.###.# #..########.#
........#.# #.# ##.# #..
......#.#.###.# #.# ###
..............# #.# #
##.##.#.#.#.### #.# #######
##.##.#.#.#.##########.####......
##........#.....@†..........#####
#####.....############.###### # #
#...#.# #.########## # #...#.#
#####....>...... #####...#.#
##...#..######### .......##.#
##.###...# ......###.# #.#####..#
#####.###.######.##.....#
.......................##


There were no monsters in sight!

Vanquished Creatures
  A dart slug (D:1)
  2 bats (D:1)
  A goblin (D:2)
  2 hobgoblins
  A jackal (D:1)
  A kobold (D:1)
  A rat (D:1)
9 creatures vanquished.

Vanquished Creatures (others)
  An adder (D:1)
  26 foxfires
27 creatures vanquished.

Grand Total: 36 creatures vanquished

Notes
Turn   | Place    | Note
-------+----------+-------------------------------------------
     0 | D:1      | hawla the Felid Fire Elementalist began the quest for the
                  | Orb.
     0 | D:1      | Reached XP level 1. HP: 7/7 MP: 4/4
    50 | D:1      | You fall into a shaft and drop 1 floor!
    50 | D:2      | Noticed Jessica
   133 | D:2      | Noticed Terence
   486 | D:1      | Reached XP level 2. HP: 10/11 MP: 4/6
   795 | D:1      | Succumbed to an adder's poison

Illustrated notes

Levels and vault maps discovered:
D:1:      dpeg_arrival_concentric_ovals, layout_loops_ring
D:2:      layout_rooms, st_stairs_12, uniq_terence, uniq_robin, uniq_jessica

Skill      XL: |  1  2 |
---------------+-------+-----
Fire Magic     | 3 |  3.0
Dodging        | 3 |  3.1
Stealth        | |  2.9
Spellcasting   | |  2.2
Conjurations   | |  0.8

Action                   || total
-------------------------++-------
Melee: Unarmed           ||     8
 Cast: Foxfire           ||    15
  Use: Potion            ||     3
Armor: Skin              ||     2
Dodge: Dodged            ||    19
